 Dungeon Crawl Stone Soup version 0.19.1-1-g22dce08 (webtiles) character file.

4758 Gargoyl the Shield-Bearer (level 10, 0/83 HPs)
             Began as a Ghoul Abyssal Knight on Jan 2, 2017.
             Was an Elder of Lugonu.
             Slain by a killer bee (3 damage)
             ... on level 8 of the Dungeon.
             The game lasted 00:17:47 (8965 turns).

Gargoyl the Shield-Bearer (Ghoul Abyssal Knight)    Turns: 8965, Time: 00:17:48

Health: 0/83       AC: 17    Str: 16    XL:     10   Next: 46%
Magic:  14/14      EV:  2    Int: 13    God:    Lugonu [****..]
Gold:   319        SH: 17    Dex: 10    Spells: 0 memorised, 9 levels left

rFire  . . .     SeeInvis .     n - +1 falchion of Fighting Over It {slice, +Fly Str-2 Int+6} (curse)
rCold  + . .     Gourm    .     f - +0 plate armour
rNeg   + + +     Faith    .     p - +3 large shield
rPois  ∞         Spirit   .     g - +0 helmet
rElec  .         Reflect  .     k - +1 cloak
rCorr  .         Harm     .     y - +0 pair of gloves
MR     .....                    (no boots)
Stlth  ..........               (no amulet)
                                (no ring)
                                (no ring)

@: rotting
A: rotting body, claws 1, carnivore 3, cold resistance 1, negative energy
resistance 3, slow regeneration 1, torment resistance, unbreathing
a: Depart the Abyss, Bend Space, Banish, Corrupt, Renounce Religion, Evoke
Flight


You were on level 8 of the Dungeon.
You worshipped Lugonu.
Lugonu was greatly pleased with you.
You were not hungry.

You visited 1 branch of the dungeon, and saw 9 of its levels.
You visited the Abyss 1 time.

You collected 319 gold pieces.

Inventory:

Hand Weapons
 a - a +1 hand axe
 e - a +2 falchion of electrocution
 m - a +0 spear
 n - the cursed +1 falchion of Fighting Over It (weapon) {slice, +Fly Str-2 Int+6}
   (You found it on level 6 of the Dungeon)

   It inflicts extra damage upon your enemies.
   It affects your strength (-2).
   It affects your intelligence (+6).
   It lets you fly.
   It has a curse placed upon it.
 u - a +0 war axe
 B - a +0 war axe of chopping
Missiles
 b - 5 tomahawks (quivered)
Armour
 f - a +0 plate armour (worn)
 g - a +0 helmet (worn)
 k - a +1 cloak (worn)
 p - a +3 large shield (worn)
 y - a +0 pair of gloves (worn)
 H - a +1 cloak of poison resistance
Jewellery
 D - a +3 ring of dexterity {unknown}
 J - an uncursed ring of fire {unknown}
Wands
 z - a wand of slowing (25/48)
 A - a wand of iceblast (6/15)
 G - a wand of flame (30/48)
 K - a wand of acid (9/15)
Scrolls
 i - 4 scrolls of teleportation
 o - a scroll of enchant weapon
 r - a scroll of fear
 t - 2 scrolls of blinking
Potions
 j - a potion of cure mutation {unknown}
 q - a potion of agility
 s - a potion of brilliance {unknown}
 v - a potion of haste {unknown}
 w - 2 potions of degeneration {unknown}
 x - 2 potions of invisibility {unknown}
 C - a potion of flight {unknown}
 F - a potion of might {unknown}
 I - a potion of beneficial mutation {unknown}
Books
 d - a book of Flames

   Spells                             Type                      Level
   a - Flame Tongue                   Conjuration/Fire             1
   b - Throw Flame                    Conjuration/Fire             2
   c - Conjure Flame                  Conjuration/Fire             3
   d - Inner Flame                    Hexes/Fire                   3
   e - Sticky Flame                   Conjuration/Fire             4
   f - Fireball                       Conjuration/Fire             5
Comestibles
 c - 3 meat rations
 h - a beef jerky
 l - a slice of pizza
 E - a chunk of flesh


   Skills:
 + Level 6.0 Fighting
 + Level 6.4 Long Blades
 + Level 2.1 Axes
 + Level 1.1 Throwing
 * Level 6.8 Armour
 + Level 1.4 Dodging
 + Level 7.1 Shields
 * Level 6.6 Invocations


You had 9 spell levels left.
You didn't know any spells.

Dungeon Overview and Level Annotations

Branches:
Dungeon (9/15)             Temple (0/1) D:5
   Lair: D:8-11         Orc: D:9-12

Altars:
Kikubaaqudgha
Trog
Yredelemnul

Annotations:
D:9 Maurice
Abyss:1 Menkaure


Innate Abilities, Weirdness & Mutations

Your body is rotting away.
You thrive on raw meat.
You are immune to poison.
You have sharp fingernails.
You are carnivorous and can eat meat at any time.
Your flesh is cold resistant. (rC+)
You are immune to negative energy. (rN+++)
You regenerate slowly when monsters are visible.
You are immune to unholy pain and torment.
You can survive without breathing.


Message History

Your shield and plate armour prevent you from hitting the killer bee.
The killer bee is heavily wounded.
You block the killer bee's attack. x2
Your shield and plate armour prevent you from hitting the killer bee.
The killer bee is heavily wounded.
The killer bee stings you!
* * * LOW HITPOINT WARNING * * *
You block the killer bee's attack.
You miss the killer bee.
The killer bee is heavily wounded.
You block the killer bee's attack. x3
You closely miss the killer bee.
The killer bee is heavily wounded.
The killer bee stings you but does no damage. x2
You miss the killer bee.
The killer bee is heavily wounded.
The killer bee stings you.
* * * LOW HITPOINT WARNING * * *
The killer bee stings you.
You die...

#### ##### #..# ###...#
##.## #####...### #..#
#.##.#.#..# #@##
##......##.# ##y##
#.......##.#
##y###.......##..
#S..........#...
##............... ###
##..............(.
#.####..###..####..##..
#...#..## #.## ##.##..
#.#...## #.# ##..#..


You could see 2 killer bees and an adder.

Vanquished Creatures
  Pikel (D:7)
  Grinder (D:4)
  A hippogriff (D:8)
  A human (D:3)
  A steam dragon (D:8)
  Duvessa (D:7)
  A slave (D:7)
  2 black bears (D:6)
  An ice beast (D:8)
  4 ogres
  2 sky beasts
  2 necrophages
  3 centaurs
  A big kobold (D:8)
  5 bullfrogs
  Dowan (D:7)
  A wyvern zombie (D:6)
  2 scorpions
  2 killer bees (D:8)
  2 howler monkeys (D:6)
  A bullfrog zombie (D:8)
  2 crimson imps (D:8)
  A jelly (D:8)
  6 orc priests
  Crazy Yiuf (D:7)
  4 hounds
  6 orc wizards
  A bullfrog skeleton (D:8)
  A centaur skeleton (D:6)
  Jessica (D:3)
  5 iguanas
  5 worker ants
  A hound zombie (D:8)
  A howler monkey zombie (D:7)
  6 adders
  11 gnolls
  A shadow imp (D:8)
  2 worms
  2 dart slugs
  A leopard gecko (D:8)
  19 orcs
  3 ball pythons
  3 giant cockroaches
  7 goblins
  8 hobgoblins
  15 jackals
  3 quokkas
  11 bats
  A frilled lizard (D:3)
  A jackal zombie (D:6)
  8 kobolds
  A leopard gecko skeleton (D:7)
  A leopard gecko zombie (D:7)
  7 rats
182 creatures vanquished.

Vanquished Creatures (others)
  The ghost of senny the Poker, a novice DrBe of Trog (D:6)
1 creature vanquished.

Grand Total: 183 creatures vanquished

Notes
Turn   | Place    | Note
-------+----------+-------------------------------------------
     0 | Abyss:1  | Gargoyl the Ghoul Abyssal Knight began the quest for the Orb.
     0 | Abyss:1  | Reached XP level 1. HP: 19/19 MP: 1/1
    49 | Abyss:4  | Noticed a ynoxinul
    49 | D:1      | Escaped the Abyss
   134 | D:1      | Reached XP level 2. HP: 8/26 MP: 2/2
   237 | D:1      | Reached skill level 1 in Dodging
   237 | D:1      | Reached XP level 3. HP: 33/33 MP: 3/3
   259 | D:1      | Reached * piety under Lugonu
  1132 | D:2      | Reached XP level 4. HP: 40/40 MP: 4/4
  1176 | D:2      | Reached skill level 1 in Long Blades
  1734 | D:2      | Reached ** piety under Lugonu
  1857 | D:3      | Reached XP level 5. HP: 46/46 MP: 5/5
  2025 | D:3      | Noticed Jessica
  2043 | D:3      | Killed Jessica
  2043 | D:3      | Reached skill level 1 in Shields
  2441 | D:3      | Found a runed door.
  2441 | D:3      | Noticed a human
  2474 | D:3      | Reached XP level 6. HP: 39/52 MP: 7/7
  2501 | D:3      | Found a basalt altar of Yredelemnul.
  2535 | D:3      | Killed a human
  2535 | D:3      | Reached skill level 2 in Shields
  2685 | D:4      | Reached skill level 3 in Shields
  2685 | D:4      | Reached XP level 7. HP: 41/60 MP: 8/8
  3260 | D:4      | Noticed Grinder
  3272 | D:4      | Killed Grinder
  3303 | D:4      | Reached XP level 8. HP: 67/67 MP: 10/10
  3581 | D:5      | Entered Level 5 of the Dungeon
  3628 | D:5      | Reached *** piety under Lugonu
  3757 | D:5      | Found a staircase to the Ecumenical Temple.
  3828 | D:5      | Reached skill level 4 in Shields
  3931 | D:5      | Reached skill level 5 in Armour
  4512 | D:6      | Found a bloodstained altar of Trog.
  4525 | D:6      | Reached skill level 5 in Invocations
  4525 | D:6      | Reached XP level 9. HP: 69/73 MP: 11/11
  4529 | D:6      | Reached skill level 5 in Fighting
  4529 | D:6      | Reached skill level 5 in Shields
  4693 | D:6      | Got a steaming falchion
  4694 | D:6      | Identified the cursed +1 falchion of Fighting Over It {slice, +Fly Str-2 Int+6} (You found it on level 6 of the Dungeon)
  4736 | D:6      | Found an ancient bone altar of Kikubaaqudgha.
  4753 | D:6      | Noticed senny's ghost (novice DrBe)
  4774 | D:6      | Banished senny's ghost
  4774 | D:6      | Reached skill level 5 in Long Blades
  6186 | D:7      | Noticed Menkaure
  6191 | D:7      | Banished Menkaure
  6463 | D:7      | Noticed Duvessa
  6463 | D:7      | Noticed Dowan
  6498 | D:7      | Reached skill level 1 in Throwing
  6520 | D:7      | Killed Duvessa
  6552 | D:7      | Killed Dowan
  6552 | D:7      | Reached skill level 6 in Shields
  6824 | D:7      | Found a runed door.
  7071 | D:7      | Noticed Crazy Yiuf
  7083 | D:7      | Killed Crazy Yiuf
  7190 | D:8      | Reached **** piety under Lugonu
  7220 | D:8      | Noticed Pikel
  7297 | D:7      | Killed Pikel
  7297 | D:7      | Reached XP level 10. HP: 70/83 MP: 13/13
  7816 | D:8      | Reached skill level 7 in Shields
  8871 | D:9      | Noticed Maurice
  8965 | D:8      | HP: 3/83 [killer bee (4)]
  8965 | D:8      | Slain by a killer bee

Skill      XL: |  1  2  3  4  5  6  7  8  9 10 |
---------------+-------------------------------+-----
Armour         | 2 3 4 5 6 |  6.8
Dodging        | 1 |  1.4
Axes           | 2 |  2.1
Fighting       | 4 5 6 |  6.0
Long Blades    | 1 2 4 6 |  6.4
Shields        | 1 3 4 6 7 |  7.1
Invocations    | 3 4 5 6 |  6.6
Throwing       | 1 |  1.1

Action                   |  1- 3 |  4- 6 |  7- 9 | 10-12 || total
-------------------------+-------+-------+-------+-------++-------
Melee: Falchion          |   117 |   233 |   591 |   218 ||  1159
       Hand axe          |     9 |       |       |       ||     9
Throw: Tomahawk          |       |       |    11 |     4 ||    15
Invok: Depart the Abyss  |     1 |       |       |       ||     1
       Banish            |       |       |     3 |       ||     3
  Use: Scroll            |       |     7 |     7 |       ||    14
  Eat: Chunk             |    17 |    23 |    71 |    20 ||   131
Armor: Plate armour      |   220 |   143 |   329 |   160 ||   852
       Leather armour    |     1 |       |       |       ||     1
Dodge: Dodged            |    41 |     1 |    20 |    23 ||    85
Block: Large shield      |     4 |   197 |   566 |   257 ||  1024
       Rpst.: Falchion   |    13 |       |     6 |     5 ||    24
